BR (22 & UNDER)
CORONADO ECLIPSE @ RANCHO CUCAMONGA SICK MONKEYS
07/29/2030
 
TOP OF THE 1ST
Coronado Eclipse batting - Pitching for Rancho Cucamonga Sick Monkeys : RHP Bill Washington
Pitching: RHP Bill Washington
Batting: RHB Galtero Confalonieri 0-0: Called Strike
0-1: Ground out 6-3 (Groundball, 6)
Batting: SHB José Acevedo 0-0: Ball
1-0: Ground out 5-3 (Groundball, 56)
Batting: RHB Andrés Casillas 0-0: Called Strike
0-1: Fly out, F8 (Flyball, 8LD)
Top of the 1st over - 0 runs, 0 hits, 0 errors, 0 left on base; Coronado 0 - Rancho Cucamonga 0
BOTTOM OF THE 1ST
Rancho Cucamonga Sick Monkeys batting - Pitching for Coronado Eclipse : RHP Brian Sweet
Pitching: RHP Brian Sweet
Batting: RHB Marvin Montgomery 0-0: Fly out, F2 (Popup, 2RF)
Batting: SHB Paco Estrada 0-0: Ground out 1-3 (Groundball, 13S)
Batting: RHB Bartolo Moreno 0-0: Ball
1-0: Called Strike
1-1: Ball
2-1: Ball
3-1: Ground out 6-3 (Groundball, 6)
Bottom of the 1st over - 0 runs, 0 hits, 0 errors, 0 left on base; Coronado 0 - Rancho Cucamonga 0
TOP OF THE 2ND
Coronado Eclipse batting - Pitching for Rancho Cucamonga Sick Monkeys : RHP Bill Washington
Batting: LHB Benny Lawson 0-0: Ball
1-0: Called Strike
1-1: DOUBLE (Line Drive, 78XD)
Batting: RHB Ramón Espinoza 0-0: Foul Ball, location: 2F
0-1: Ball
1-1: Ball
2-1: SINGLE (Line Drive, 89M)
Benny Lawson to third
Batting: RHB Brian Jones 0-0: Ground out U3 (Groundball, 3)
Benny Lawson scores
Ramón Espinoza to second
Batting: RHB Vincente Ayala 0-0: Swinging Strike
0-1: Swinging Strike
0-2: Foul Ball, location: 2F
0-2: Ball
1-2: Foul Ball, location: 2F
1-2: Ball
2-2: Foul Ball, location: 2F
2-2: Strikes out looking
Batting: RHB Brandon Smith 0-0: Foul Ball, location: 2F
0-1: Called Strike
0-2: Foul Ball, location: 2F
0-2: Strikes out swinging
Top of the 2nd over - 1 run, 2 hits, 0 errors, 1 left on base; Coronado 1 - Rancho Cucamonga 0
BOTTOM OF THE 2ND
Rancho Cucamonga Sick Monkeys batting - Pitching for Coronado Eclipse : RHP Brian Sweet
Batting: SHB Jimmy Mayer 0-0: Ball
1-0: SINGLE (Groundball, 4S) (infield hit)
Batting: RHB Scott Elliott 0-0: Called Strike
0-1: Ground out 6-3 (Groundball, 4MS)
Jimmy Mayer to second
Batting: SHB Orlando Lópes 0-0: Foul Ball, location: 2F
0-1: Ball
1-1: Foul Ball, location: 2F
1-2: Ground out 6-3 (Groundball, 6)
Batting: RHB Iván Salinas 0-0: Called Strike
0-1: Ball
1-1: Swinging Strike
1-2: Fly out, F4 (Popup, 4M)
Bottom of the 2nd over - 0 runs, 1 hit, 0 errors, 1 left on base; Coronado 1 - Rancho Cucamonga 0
TOP OF THE 3RD
Coronado Eclipse batting - Pitching for Rancho Cucamonga Sick Monkeys : RHP Bill Washington
Batting: LHB Ken Miller 0-0: Ball
1-0: Ball
2-0: Called Strike
2-1: Fly out, F9 (Flyball, 9LM)
Batting: RHB Galtero Confalonieri 0-0: Called Strike
0-1: Ball
1-1: Ball
2-1: SINGLE (Line Drive, 56D)
Batting: SHB José Acevedo 0-0: Called Strike
Galtero Confalonieri is caught stealing 2nd base
0-1: Ball
1-1: Swinging Strike
1-2: Ball
2-2: Ball
3-2: SINGLE (Groundball, 4D)
Batting: RHB Andrés Casillas 0-0: Ball
1-0: Ball
2-0: Called Strike
2-1: Called Strike
2-2: Fly out, F9 (Flyball, 89S)
Top of the 3rd over - 0 runs, 2 hits, 0 errors, 1 left on base; Coronado 1 - Rancho Cucamonga 0
BOTTOM OF THE 3RD
Rancho Cucamonga Sick Monkeys batting - Pitching for Coronado Eclipse : RHP Brian Sweet
Batting: RHB Luis Noriega 0-0: Ball
1-0: Called Strike
1-1: Swinging Strike
1-2: Strikes out swinging
Batting: RHB Jackson Walker 0-0: Ball
1-0: Fly out, F3 (Popup, 3SF)
Batting: RHB Marvin Montgomery 0-0: Called Strike
0-1: Ball
1-1: SINGLE (Line Drive, 7S)
Batting: SHB Paco Estrada 0-0: Called Strike
0-1: Ball
1-1: Swinging Strike
1-2: Ball
2-2: Strikes out swinging
Bottom of the 3rd over - 0 runs, 1 hit, 0 errors, 1 left on base; Coronado 1 - Rancho Cucamonga 0
TOP OF THE 4TH
Coronado Eclipse batting - Pitching for Rancho Cucamonga Sick Monkeys : RHP Bill Washington
Batting: LHB Benny Lawson 0-0: Fly out, F6 (Line Drive, 6)
Batting: RHB Ramón Espinoza 0-0: Ball
1-0: Foul Ball, location: 2F
1-1: Called Strike
1-2: Strikes out swinging
Batting: RHB Brian Jones 0-0: Ball
1-0: Foul Ball, location: 2F
1-1: Ball
2-1: Ground out 6-3 (Groundball, 56)
Top of the 4th over - 0 runs, 0 hits, 0 errors, 0 left on base; Coronado 1 - Rancho Cucamonga 0
BOTTOM OF THE 4TH
Rancho Cucamonga Sick Monkeys batting - Pitching for Coronado Eclipse : RHP Brian Sweet
Batting: RHB Bartolo Moreno 0-0: Ball
1-0: Ball
2-0: Called Strike
2-1: Called Strike
2-2: Ground out 6-3 (Groundball, 6)
Batting: SHB Jimmy Mayer 0-0: Ball
1-0: SINGLE (Line Drive, 8RS)
Batting: RHB Scott Elliott 0-0: Ball
1-0: Ball
Wild Pitch!
Jimmy Mayer to second
2-0: Ball
3-0: Base on Balls
Batting: SHB Orlando Lópes 0-0: Called Strike
0-1: Ball
1-1: Called Strike
1-2: Strikes out swinging
Batting: RHB Iván Salinas 0-0: Called Strike
0-1: Swinging Strike
0-2: Foul Ball, location: 2F
0-2: Foul Ball, location: 2F
0-2: Strikes out swinging
Bottom of the 4th over - 0 runs, 1 hit, 0 errors, 2 left on base; Coronado 1 - Rancho Cucamonga 0
TOP OF THE 5TH
Coronado Eclipse batting - Pitching for Rancho Cucamonga Sick Monkeys : RHP Bill Washington
Batting: RHB Vincente Ayala 0-0: Called Strike
0-1: Called Strike
0-2: Foul Ball, location: 2F
0-2: Ball
1-2: Foul Ball, location: 2F
1-2: SINGLE (Groundball, 34D)
Batting: RHB Brandon Smith 0-0: Called Strike
0-1: SINGLE (Line Drive, 56D)
Vincente Ayala to second
Batting: LHB Ken Miller 0-0: Called Strike
0-1: Called Strike
0-2: Strikes out swinging
Batting: RHB Galtero Confalonieri 0-0: Fly out, F9 (Flyball, 89S)
Batting: SHB José Acevedo 0-0: Ball
1-0: Ball
2-0: Foul Ball, location: 2F
2-1: Swinging Strike
2-2: Foul Ball, location: 2F
2-2: Foul Ball, location: 2F
2-2: Foul Ball, location: 2F
2-2: Foul Ball, location: 2F
2-2: Foul Ball, location: 2F
2-2: Foul Ball, location: 2F
2-2: Strikes out swinging
Top of the 5th over - 0 runs, 2 hits, 0 errors, 2 left on base; Coronado 1 - Rancho Cucamonga 0
BOTTOM OF THE 5TH
Rancho Cucamonga Sick Monkeys batting - Pitching for Coronado Eclipse : RHP Brian Sweet
Batting: RHB Luis Noriega 0-0: Called Strike
0-1: Ground out 4-3 (Groundball, 4)
Batting: RHB Jackson Walker 0-0: Called Strike
0-1: Fly out, F8 (Flyball, 8RXD)
Batting: RHB Marvin Montgomery 0-0: Fly out, F9 (Flyball, 9LMF)
Bottom of the 5th over - 0 runs, 0 hits, 0 errors, 0 left on base; Coronado 1 - Rancho Cucamonga 0
TOP OF THE 6TH
Coronado Eclipse batting - Pitching for Rancho Cucamonga Sick Monkeys : RHP Bill Washington
Batting: RHB Andrés Casillas 0-0: Ball
1-0: Ball
2-0: Foul Ball, location: 2F
2-1: Called Strike
2-2: Ground out 4-3 (Groundball, 4)
Batting: LHB Benny Lawson 0-0: Ball
1-0: Foul Ball, location: 2F
1-1: SOLO HOME RUN (Flyball, 9D), Distance : 390 ft
Batting: RHB Ramón Espinoza 0-0: Ball
1-0: Ball
2-0: Swinging Strike
2-1: Ball
3-1: Foul Ball, location: 2F
3-2: Fly out, F6 (Line Drive, 6)
Batting: RHB Brian Jones 0-0: Called Strike
0-1: Ball
1-1: Foul Ball, location: 2F
1-2: Strikes out looking
Top of the 6th over - 1 run, 1 hit, 0 errors, 0 left on base; Coronado 2 - Rancho Cucamonga 0
BOTTOM OF THE 6TH
Rancho Cucamonga Sick Monkeys batting - Pitching for Coronado Eclipse : RHP Brian Sweet
Batting: SHB Paco Estrada 0-0: Ball
1-0: Ball
2-0: SINGLE (Flyball, 89M)
Batting: RHB Bartolo Moreno 0-0: Called Strike
0-1: Ball
1-1: Ball
2-1: Foul Ball, location: 2F
2-2: SINGLE (Groundball, 56) (infield hit)
Paco Estrada to second
Batting: SHB Jimmy Mayer 0-0: Hit by Pitch
Paco Estrada to third
Bartolo Moreno to second
Batting: RHB Scott Elliott 0-0: Ball
1-0: Swinging Strike
1-1: Fly out, F8 (Flyball, 8LM)
Runner from 3rd tags up, SCORES, throw made
Batting: SHB Orlando Lópes 0-0: Ball
1-0: Ball
2-0: Called Strike
2-1: Ball
3-1: SINGLE (Line Drive, 89S)
Bartolo Moreno to third
Jimmy Mayer to second
Runner from 3rd tries for Home, SAFE, throw made home
Batting: RHB Iván Salinas 0-0: Called Strike
0-1: Ball
1-1: Fielders Choice at 2nd, 4-6 (Groundball, 4)
Jimmy Mayer to third
Batting: RHB Luis Noriega 0-0: Called Strike
0-1: Fly out, F7 (Flyball, 7LSF)
Bottom of the 6th over - 2 runs, 3 hits, 0 errors, 2 left on base; Coronado 2 - Rancho Cucamonga 2
TOP OF THE 7TH
Coronado Eclipse batting - Pitching for Rancho Cucamonga Sick Monkeys : RHP Bill Washington
Pitching: LHP José Meléndez
Batting: RHB Vincente Ayala 0-0: Ball
1-0: Ground out 6-3 (Groundball, 6)
Batting: RHB Brandon Smith 0-0: Foul Ball, location: 2F
0-1: Ball
1-1: Called Strike
1-2: Strikes out swinging
Pinch Hitting: LHB Robby Bland 0-0: SINGLE (Popup, 34D)
Batting: RHB Galtero Confalonieri 0-0: Called Strike
0-1: Swinging Strike
0-2: Strikes out looking
Top of the 7th over - 0 runs, 1 hit, 0 errors, 1 left on base; Coronado 2 - Rancho Cucamonga 2
BOTTOM OF THE 7TH
Rancho Cucamonga Sick Monkeys batting - Pitching for Coronado Eclipse : RHP Brian Sweet
Now at 2B: António Gutiérrez
Pinch Hitting: RHB Norm Martin 0-0: Ball
1-0: SINGLE (Flyball, 56D)
Batting: RHB Marvin Montgomery 0-0: Swinging Strike
0-1: Ball
1-1: Ball
2-1: SINGLE (Line Drive, 9LM)
Norm Martin to second
Runner from 2nd tries for 3rd, SAFE, no throw
Pitching: RHP José Ruíz
Batting: SHB Paco Estrada 0-0: Swinging Strike
0-1: Grounds into double play, 1-6-3 (Groundball, 13S)
Pinch Hitting: RHB Heath Jones 0-0: Foul Ball, location: 2F
0-1: Ball
1-1: Called Strike
1-2: Ball
2-2: Ball
3-2: Base on Balls
Batting: SHB Jimmy Mayer 0-0: Called Strike
0-1: DOUBLE (Line Drive, 7LD)
Norm Martin scores
Heath Jones to third
Runner from 3rd tries for Home, SAFE, no throw
Batting: RHB Scott Elliott 0-0: Foul Ball, location: 2F
0-1: Called Strike
0-2: Strikes out looking
Bottom of the 7th over - 2 runs, 3 hits, 0 errors, 1 left on base; Coronado 2 - Rancho Cucamonga 4
TOP OF THE 8TH
Coronado Eclipse batting - Pitching for Rancho Cucamonga Sick Monkeys : LHP José Meléndez
Now at 1B: Carlos Baronti
Now in LF: Heath Jones
Batting: SHB José Acevedo 0-0: Ball
1-0: Ball
2-0: Called Strike
2-1: Foul Ball, location: 2F
2-2: Ball
3-2: Foul Ball, location: 2F
3-2: Base on Balls
Batting: RHB Andrés Casillas 0-0: Swinging Strike
0-1: Fly out, F7 (Flyball, 7D)
Batting: LHB Benny Lawson 0-0: Fly out, F4 (Popup, 4)
Batting: RHB Ramón Espinoza 0-0: Ball
1-0: Fly out, F8 (Flyball, 8LS)
Top of the 8th over - 0 runs, 0 hits, 0 errors, 1 left on base; Coronado 2 - Rancho Cucamonga 4
BOTTOM OF THE 8TH
Rancho Cucamonga Sick Monkeys batting - Pitching for Coronado Eclipse : RHP José Ruíz
Batting: SHB Orlando Lópes 0-0: Ball
1-0: Foul Ball, location: 2F
1-1: Swinging Strike
1-2: Foul Ball, location: 2F
1-2: Ball
2-2: SINGLE (Line Drive, 6M)
Batting: RHB Iván Salinas 0-0: Sac Bunt - play at first, batter OUT! 1-3
Orlando Lópes to second
Batting: RHB Luis Noriega 0-0: Called Strike
0-1: Fly out, F9 (Flyball, 9LD)
Runner from 2nd tags up, SAFE at 3rd with throw
Batting: RHB Carlos Baronti 0-0: Called Strike
0-1: Reached on error, E3 (Groundball, 34)
Orlando Lópes scores
Pitching: RHP Ash Coker
Batting: RHB Marvin Montgomery 0-0: Ball
1-0: Called Strike
1-1: Fielders Choice at 2nd, 4-6 (Groundball, 4MD)
Bottom of the 8th over - 1 run, 1 hit, 1 error, 1 left on base; Coronado 2 - Rancho Cucamonga 5
TOP OF THE 9TH
Coronado Eclipse batting - Pitching for Rancho Cucamonga Sick Monkeys : LHP José Meléndez
Pitching: RHP Carlos Fernández
Batting: RHB Brian Jones 0-0: Called Strike
0-1: Ball
1-1: Ball
2-1: Ball
3-1: Foul Ball, location: 2F
3-2: Foul Ball, location: 2F
3-2: Fly out, F3 (Popup, 34)
Batting: RHB Vincente Ayala 0-0: Ball
1-0: Foul Ball, location: 2F
1-1: Fly out, F7 (Flyball, 78XD)
Batting: RHB Brandon Smith 0-0: Ball
1-0: Ball
2-0: Foul Ball, location: 2F
2-1: Ball
3-1: Base on Balls
Batting: RHB António Gutiérrez 0-0: Ball
1-0: Ground out U3 (Groundball, 3S)
Top of the 9th over - 0 runs, 0 hits, 0 errors, 1 left on base; Coronado 2 - Rancho Cucamonga 5
Saturday, April 7th, 2018 - OOTP Baseball 18.8 Build 76